 Dungeon Crawl Stone Soup version 0.26.1-2-gb8aa6d0cf2 (webtiles) character file.

Game seed: 7081076357591275376

47 Gadfly the Skirmisher (level 3, 0/39 HPs)
             Began as an Ogre Monk on Feb 12, 2021.
             Slain by a kobold
             ... wielding a +0 whip
              (2 damage)
             ... on level 2 of the Dungeon.
             The game lasted 00:01:14 (1402 turns).

Gadfly the Skirmisher (Ogre Monk)                   Turns: 1402, Time: 00:01:14

Health: 0/39       AC:  3    Str: 16    XL:     3   Next: 70%
Magic:  4/4        EV: 10    Int: 13    God:
Gold:   29         SH:  0    Dex: 11    Spells: 2/2 levels left

rFire    . . .     SeeInvis +   a - +1 mace
rCold    . . .     Faith    .   (no shield)
rNeg     . . .     Spirit   .   b - +0 robe
rPois    .         Reflect  .   (helmet restricted)
rElec    .         Harm     .   (no cloak)
rCorr    .         Rampage  .   (gloves unavailable)
Will     .....                  (boots unavailable)
Stlth    ++........             (no amulet)
HPRegen  0.13/turn              (no ring)
MPRegen  0.09/turn              (no ring)

@: no status effects
A: large, unfitting armour, see invisible, clever 1, tough skin 1
a: no special abilities


You were on level 2 of the Dungeon.
You visited 1 branch of the dungeon, and saw 2 of its levels.

You collected 29 gold pieces.

Inventory:

Hand Weapons
 a - a +1 mace (weapon)
Missiles
 c - 19 stones (quivered)
Armour
 b - a +0 robe (worn)
Scrolls
 d - a scroll of teleportation {unknown}
 f - a scroll of noise {unknown}
Potions
 e - a potion of lignification {unknown}


   Skills:
 - Level 4.0 Fighting
 + Level 2.8 Maces & Flails
 * Level 1.2 Throwing
 * Level 1.1 Armour
 - Level 2.6 Dodging
 - Level 1.4 Stealth
 * Level 1.3 Invocations
 * Level 1.1 Evocations


You had 2 spell levels left.
You didn't know any spells.
Your spell library was empty.

Dungeon Overview and Level Annotations

Branches:
Dungeon (2/15)

Altars:


Innate Abilities, Weirdness & Mutations

You are too large for most types of armour.
You have tough skin. (AC +1)
You have supernaturally acute eyesight. (SInv)
Your mind is acute. (Int +2)


Message History

You see here a stone.
You hit the rat.
The rat is severely wounded.
The rat barely misses you.
You sock the rat!
You kill the rat!
The kobold throws a stone.
The stone barely misses you.
You hit the kobold but do no damage. The kobold hits you but does no damage.
You hit the kobold but do no damage. The kobold hits you but does no damage.
You barely miss the kobold. The kobold hits you with a +0 whip.
The kobold hits you but does no damage.
You hit the kobold but do no damage. The kobold barely misses you.
You closely miss the kobold. The kobold hits you with a +0 whip.
* * * LOW HITPOINT WARNING * * *
You closely miss the kobold. The kobold hits you with a +0 whip.
* * * LOW HITPOINT WARNING * * *
You barely miss the kobold. The kobold hits you with a +0 whip.
* * * LOW HITPOINT WARNING * * *
You hit the kobold but do no damage. The kobold hits you with a +0 whip.
You die...

.. #..#.# #. #.(#.# # #.
#..#.# #.##.### #....
...... .... #.# #..####
#..# #.# #...<.# #..# #.#
##.##.###(.#.### #.#
#.##(.@KK....... #.#
#.######..#.#### #.# #.##
#....# #.## #..# ##^#.#
###..#######.# .#...
.........# #.# .# ..#
.>†......###.######.#...#
........................#
.........###............#


You could see 2 kobolds.

Vanquished Creatures
  A gnoll (D:1)
  An adder (D:2)
  A dart slug (D:1)
  2 giant cockroaches (D:1)
  3 goblins (D:1)
  3 hobgoblins (D:1)
  5 jackals (D:2)
  4 bats
  A frilled lizard (D:1)
  A kobold (D:1)
  4 rats
26 creatures vanquished.

Notes
Turn   | Place    | Note
-------+----------+-------------------------------------------
     0 | D:1      | Gadfly the Ogre Monk began the quest for the Orb.
     0 | D:1      | Reached XP level 1. HP: 24/24 MP: 1/1
   179 | D:1      | Reached XP level 2. HP: 32/32 MP: 2/2
   552 | D:1      | Reached skill level 1 in Invocations
   737 | D:1      | Reached XP level 3. HP: 28/39 MP: 3/3
   879 | D:1      | Reached skill level 1 in Throwing
  1103 | D:2      | Reached skill level 1 in Armour
  1103 | D:2      | Reached skill level 1 in Evocations
  1105 | D:2      | Gained mutation: You have supernaturally acute eyesight.
                  | (SInv) [potion of mutation]
  1105 | D:2      | Gained mutation: Your mind is acute. (Int +2) [potion of
                  | mutation]
  1401 | D:2      | HP: 1/39 [kobold/+0 whip (4)]
  1402 | D:2      | Slain by a kobold

Illustrated notes

Levels and vault maps discovered:
D:1:      psy_arrival_spokes, layout_loops_corners
D:2:      layout_loops_ring, lemuel_crystal_altar, lemuel_doored_altar

Skill      XL: |  1  2  3 |
---------------+----------+-----
Invocations    | 1 |  1.3
Throwing       | 1 |  1.2
Armour         | 1 |  1.1
Evocations     | 1 |  1.1
Fighting       | |  4.0
Maces & Flails | |  2.8
Dodging        | |  2.6
Stealth        | |  1.4

Action                   || total
-------------------------++-------
Melee: Mace              ||    90
  Use: Scroll            ||     3
       Potion            ||     3
 Stab: Sleeping          ||     5
Armor: Robe              ||    44
Dodge: Dodged            ||    78
